 Dungeon Crawl Stone Soup version 0.16-a0-4088-g7c8221e (console) character file.

358 hhkb the Insei (level 6, -1/38 HPs)
             Began as an Octopode Transmuter on Feb 23, 2015.
             Was an Initiate of Fedhas.
             Slain by an orc priest
             ... wielding a +0 hand axe
              (3 damage)
             ... on level 4 of the Dungeon.
             The game lasted 00:12:01 (4665 turns).

hhkb the Insei (Octopode Transmuter)                Turns: 4665, Time: 00:12:01

Health: -1/38      AC:  2    Str: 10    XL:     6   Next: 64%
Magic:  8/10       EV: 20    Int: 15    God:    Fedhas [......]
Gold:   105        SH:  0    Dex: 19    Spells: 3 memorised, 3 levels left

rFire  . . .     SeeInvis .       - Unarmed
rCold  . . .     Clarity  .     (shield currently unavailable)
rNeg   . . .     SustAb   .     (helmet currently unavailable)
rPois  x         Gourm    .     (no amulet)
rElec  .         Spirit   .     (no ring)
rCorr  .         Warding  .     (no ring)
rMut   .         Stasis   .     (no ring)
MR     .....                    (no ring)
Stlth  ++........               (no ring)
                                (no ring)
                                (no ring)
                                (no ring)

@: spider-form (expiring), not resistant to hostile enchantments, unstealthy
A: almost no armour, amphibious, 8 rings, (constrict 8), (camouflage 0),
(gelatinous body 0)
a: End Transformation, Renounce Religion


You were on level 4 of the Dungeon.
You worshipped Fedhas.
Fedhas was noncommittal.
You were not hungry.
You were a venomous arachnid creature.
You visited 1 branch of the dungeon, and saw 5 of its levels.

You collected 105 gold pieces.

Inventory:

Missiles
 b - 27 arrows
 f - 66 stones (quivered)
 q - 3 javelins
Jewellery
 j - an uncursed ring of fire {rF+, rC-}
   (You took it off a goblin on level 1 of the Dungeon)
Scrolls
 c - 4 scrolls of blinking {!r}
 h - 2 scrolls of remove curse {unknown}
 l - a scroll of enchant weapon {unknown}
 p - a scroll of amnesia {unknown}
 t - a scroll of enchant armour {unknown}
 v - a scroll of teleportation {unknown}
Potions
 i - a potion of mutation {unknown}
 k - a potion of cure mutation {!q}
 m - 2 potions of berserk rage {unknown}
 n - 2 potions of brilliance
 r - a potion of might {unknown}
 s - 3 potions of heal wounds
 u - a potion of agility {unknown}
Books
 d - a book of Changes
Comestibles
 a - a bread ration {@e1}
 o - 2 meat rations {@e2}


   Skills:
 - Level 1.0 Fighting
 - Level 2.0 Dodging
 + Level 6.4 Unarmed Combat
 - Level 2.0 Spellcasting
 - Level 2.8 Transmutations
 - Level 2.5 Poison Magic


You had 3 spell levels left.
You knew the following spells:

 Your Spells              Type           Power        Failure   Level  Hunger
a - Beastly Appendage     Trmt           ##....       24%         1    #......
c - Spider Form           Trmt/Pois      #.........   45%         3    ###....
s - Sticks to Snakes      Trmt           ##........   28%         2    ###....


Dungeon Overview and Level Annotations

Branches:
Dungeon (5/15)
 Temple: D:4-7

Altars:
Dithmenos
Fedhas
Ru
The Shining One

Shops:
D:4 }

Annotations:
D:3 Feirund's ghost, weakling SpWr
D:4 exclusion: Natasha, Natasha


Innate Abilities, Weirdness & Mutations

You cannot wear most types of armour.
You are amphibious.
You can wear up to eight rings at the same time.
((You can use your tentacles to constrict many enemies at once.))
((Your skin changes colour to match your surroundings (Stealth).))
((Your rubbery body absorbs attacks (AC +1).))


Message History

Read which item? (? for menu, Esc to quit)
Okay, then.
Read which item? (? for menu, Esc to quit)
As you read the scroll of fear, it crumbles to dust.
You assume a fearsome visage.
The orc priest looks frightened!
Your transformation has ended.
The orc throws a tomahawk.
The tomahawk hits you.
You see here a tomahawk.
You take 1 damage, and have 12/38 hp.
You see here a scale mail.
MP restored: 10 You turn into a venomous arachnid creature.
You now have 7/10 mp.
The orc priest misses you.
You barely miss the orc priest. The orc priest closely misses you.
You bite the orc priest!
The orc priest is poisoned.
You hit the orc priest.
The orc priest looks even sicker.
You barely miss the orc priest.
The orc throws a tomahawk.
The tomahawk hits you.
* * * LOW HITPOINT WARNING * * *
The orc priest closely misses you.
You take 5 damage, and have 9/38 hp.
You hit the orc priest.
You kill the orc priest!
You barely miss the orc.
Your transformation is almost over.
The orc misses you.
You hit the orc.
You kill the orc!
Things that are here:
a ring mail; an orc corpse
Things that are here:
a hand axe; an orc corpse You offer a prayer to Fedhas.
A toadstool grows before you.
Some toadstools grow from nearby corpses.
Fedhas appreciates your contribution to the ecosystem.
Fedhas is noncommittal.
Things that are here:
a ring mail; an orc skeleton
Things that are here:
a hand axe; an orc skeleton
Things that are here:
a ring mail; an orc skeleton You start resting.
Your transformation has ended.
Saving game... please wait.
Level annotation: exclusion: Natasha, Natasha Welcome back, hhkb the Octopode Transmuter.
Fedhas says: Spread life and death.
Eat which item? (? for menu, Esc to quit)
That beef jerky was delicious!
You start resting.
A nearby toadstool withers and dies. x5
You regained 8 hp, and now have 19/38 hp.
MP restored: 10 You see here a tomahawk.
You see here a tomahawk.
You start resting.
You regained 12 hp, and now have 32/38 hp.
The orc wizard shouts!
The orc wizard is too close now for your liking.
You see here a tomahawk.
You turn into a venomous arachnid creature.
You now have 7/10 mp.
The orc wizard points at you and mumbles some strange words.
The magic dart hits you!
You take 7 damage, and have 26/38 hp.
The orc priest shouts!
You hit the orc wizard. The orc wizard completely misses you.
The orc priest calls upon Beogh to heal the orc wizard.
The orc wizard's wounds heal themselves!
You bite the orc wizard!
Your transformation is almost over.
The orc wizard barely misses you.
The orc priest invokes the aid of Beogh against you.
Something smites you!
You take 14 damage, and have 12/38 hp.
MASSIVE DAMAGE!!
You see here a tomahawk.
Things that are here:
a ring mail; an orc skeleton You hit the orc wizard.
The orc wizard points at you and mumbles some strange words.
The puff of flame hits you!
* * * LOW HITPOINT WARNING * * *
You take 10 damage, and have 2/38 hp.
MASSIVE DAMAGE!!
You bite the orc wizard!
You kill the orc wizard!
The orc priest completely misses you.
Things that are here:
a ring mail; an orc skeleton You bite the orc priest!
The orc priest is poisoned.
The orc priest utters an invocation to Beogh.
You feel troubled.
You hit the orc priest.
The orc priest looks even sicker.
The orc priest hits you with a hand axe.
You die...
Fedhas appreciates your contribution to the ecosystem.

##### ##########...######
................s)#
.#######.#...####o#
.#######.########.###############
.................................
........[....o...................
.#######o###########.#####..#####
..o...(..# #...# #..# .######o##
#.#.###..##### .#####!#.#
...#...........


You could see an orc priest.

Vanquished Creatures
  2 orc priests
  2 orc wizards
  A worker ant (D:4)
  6 adders
  4 gnolls (D:3)
  A giant mite (D:4)
  2 worms
  An adder zombie (D:4)
  3 giant geckos
  2 oozes
  13 orcs
  11 bats
  2 giant cockroaches (D:1)
  7 goblins
  5 hobgoblins
  7 jackals
  A quokka (D:4)
  2 giant newts (D:2)
  8 kobolds
  9 rats
89 creatures vanquished.

Vanquished Creatures (others)
  9 toadstools
9 creatures vanquished.

Grand Total: 98 creatures vanquished

Notes
Turn   | Place    | Note
--------------------------------------------------------------
     0 | D:1      | hhkb, the Octopode Transmuter, began the quest for the Orb.
     0 | D:1      | Reached XP level 1. HP: 13/13 MP: 3/3
   180 | D:1      | Reached XP level 2. HP: 18/18 MP: 4/4
   188 | D:1      | Learned a level 2 spell: Sticks to Snakes
   656 | D:1      | Reached skill level 4 in Unarmed Combat
   714 | D:1      | Reached XP level 3. HP: 20/23 MP: 4/6
  1653 | D:2      | Reached XP level 4. HP: 20/28 MP: 5/7
  1813 | D:2      | Learned a level 3 spell: Spider Form
  2004 | D:2      | Reached skill level 5 in Unarmed Combat
  2162 | D:2      | Reached skill level 1 in Poison Magic
  2830 | D:3      | Reached XP level 5. HP: 29/33 MP: 9/9
  2947 | D:3      | Found a blossoming altar of Fedhas.
  2951 | D:3      | Found a sacrificial altar of Ru.
  2956 | D:3      | Noticed Feirund's ghost (weakling SpWr)
  3026 | D:3      | HP: 5/33 [orc/hand axe of electrocution (18)]
  3115 | D:3      | Became a worshipper of Fedhas Madash
  3152 | D:3      | Reached skill level 2 in Poison Magic
  3579 | D:5      | Entered Level 5 of the Dungeon
  3582 | D:5      | HP: 5/33 [orc wizard/dagger (4)]
  3585 | D:5      | Reached XP level 6. HP: 32/38 MP: 1/10
  3665 | D:5      | HP: 9/38 [orc/flail (3)]
  3672 | D:5      | HP: 8/38 [orc/flail (2)]
  4085 | D:4      | Found a blossoming altar of Fedhas.
  4140 | D:4      | Reached skill level 6 in Unarmed Combat
  4190 | D:4      | Found a glowing golden altar of the Shining One.
  4218 | D:4      | Noticed Natasha
  4252 | D:4      | Found Vaonwyrgh's Gadget Emporium.
  4262 | D:4      | Found a shadowy altar of Dithmenos.
  4459 | D:4      | HP: 9/38 [orc/tomahawk (5)]
  4660 | D:4      | HP: 2/38 [orc wizard/puff of flame (11)]
  4665 | D:4      | Slain by an orc priest

Action                   |  1- 3 |  4- 6 || total
-------------------------+-------+-------++-------
Melee: Unarmed           |    81 |   152 ||   233
Throw: Stone             |    35 |    57 ||    92
 Cast: Beastly Appendage |     5 |     5 ||    10
       Spider Form       |       |     6 ||     6
  Use: Scroll            |     1 |     6 ||     7
       Potion            |       |     2 ||     2
 Stab: Sleeping          |     1 |     1 ||     2
  Eat: Chunk             |     2 |     8 ||    10
       Pizza             |       |     1 ||     1
       Beef jerky        |       |     1 ||     1

Vault maps used:
D:1:      tarquinn_simple_flora_water_d
D:3:      grunt_temple_overflow_open
D:4:      vehumet_crystals, nicolae_dithmenos_the_darkroom, tso_metal_star,
          serial_shops, shop_statue, fedhas_altar_3, uniq_natasha
D:5:      nicolae_overflow_crystal_walls, minmay_temple_entry_enclosed_plants,
          first_bread, minivault_24, kennysheep_nub, minmay_misc_feat_hallway,
          uniq_edmund

Table legend:
 A = Turns spent in this place as a percentage of turns spent in the entire game.
 B = Non-inter-level travel turns spent in this place as a percentage of non-inter-level travel turns spent in the entire game.
 C = Inter-level travel turns spent in this place as a percentage of turns spent in this place.
 D = Turns resting spent in this place as a percentage of non-inter-level travel turns spent in this place.
 E = Turns spent auto-exploring this place as a percentage of non-inter-level travel turns spent in this place.
 F = Non-inter-level travel turns spent in this place divided by the number of levels of this place that you've seen.
                   A       B       C       D       E      F
               +-------+-------+-------+-------+-------+----------------------
         Total | 100.0 | 100.0 |   0.5 |   4.3 |   6.6 | 337.8
       Dungeon | 100.0 | 100.0 |   0.5 |   4.3 |   6.6 | 337.8
               +-------+-------+-------+-------+-------+----------------------

Table legend:
 A = Kills in this place as a percentage of kills in entire the game.
 B = Kills by you in this place as a percentage of kills by you in the entire game.
 C = Kills by friends in this place as a percentage of kills by friends in the entire game.
 D = Other kills in this place as a percentage of other kills in the entire game.
 E = Experience gained in this place as a percentage of experience gained in the entire game.
 F = Experience gained in this place divided by the number of levels of this place that you have seen.
                   A       B       C       D       E      F
               +-------+-------+-------+-------+-------+----------------------
         Total | 100.0 | 100.0 |  -nan |  -nan | 100.0 | 102.4
       Dungeon | 100.0 | 100.0 |  -nan |  -nan | 100.0 | 102.4
               +-------+-------+-------+-------+-------+----------------------
